 Dungeon Crawl Stone Soup version 0.20-a0-1116-gaa52201 (webtiles) character file.

95 Lochraine the Ducker (level 4, -12/26 HPs)
             Began as a Kobold Arcane Marksman on May 7, 2017.
             Killed by nerve-wracking pain
             ... invoked by an orc priest
              (13 damage)
             ... on level 3 of the Dungeon.
             The game lasted 00:05:13 (2299 turns).

Lochraine the Ducker (Kobold Arcane Marksman)       Turns: 2299, Time: 00:05:14

Health: -12/26     AC:  2    Str:  7    XL:     4   Next: 97%
Magic:  6/6        EV: 17    Int: 14    God:
Gold:   63         SH:  0    Dex: 20    Spells: 2/5 levels left

rFire    . . .     SeeInvis .   b - +1 dagger (elec)
rCold    . . .     Gourm    .   (shield restricted)
rNeg     . . .     Faith    .   e - +0 robe
rPois    .         Spirit   .   (no helmet)
rElec    .         Reflect  .   (no cloak)
rCorr    .         Harm     .   (no gloves)
MR       .....                  (no boots)
Stlth    ++........             (no amulet)
Regen    0.1/turn               i - +4 ring of dexterity
MPRegen  0.1/turn               (no ring)

@: no status effects
A: carnivore 3
a: no special abilities


You were on level 3 of the Dungeon.
You were completely stuffed.

You visited 1 branch of the dungeon, and saw 3 of its levels.

You collected 63 gold pieces.

Inventory:

Hand Weapons
 a - a +0 hand crossbow
 b - a +1 dagger of electrocution (weapon)
 g - a +0 whip
 o - a +0 hand axe
Missiles
 d - 2 bolts
Armour
 e - a +0 robe (worn)
Jewellery
 i - a +4 ring of dexterity (left hand)
Scrolls
 h - 3 scrolls of teleportation {unknown}
 j - a scroll of remove curse
 m - 2 scrolls of identify
 n - 2 scrolls of magic mapping {unknown}
Potions
 l - a potion of berserk rage
 q - a potion of brilliance {unknown}
 r - 3 potions of might {unknown}
Books
 c - a book of Debilitation

   Spells                             Type                      Level
   a - Corona                         Hexes                        1
   b - Slow                           Hexes                        2
   c - Inner Flame                    Hexes/Fire                   3
   d - Portal Projectile              Hexes/Translocation          3
   e - Cause Fear                     Hexes                        4
   f - Leda's Liquefaction            Hexes/Earth                  4
Comestibles
 f - 4 meat rations
 p - a royal jelly


   Skills:
 + Level 2.0 Fighting
 + Level 1.1 Short Blades
 + Level 3.2 Crossbows
 + Level 3.8 Dodging
 - Level 1.4 Spellcasting
 - Level 3.5 Hexes


You had 2 spell levels left.
You knew the following spells:

 Your Spells              Type           Power        Failure   Level  Hunger
a - Corona                Hex            ##.....      6%          1    ##.....
b - Slow                  Hex            ##......     9%          2    ###....


Dungeon Overview and Level Annotations

Branches:
Dungeon (3/15)

Altars:
Makhleb


Innate Abilities, Weirdness & Mutations

You are small and have problems with some larger weapons.
You are carnivorous and can eat meat at any time.


Message History

You completely miss the orc priest.
The orc priest is heavily wounded.
The orc priest barely misses you.
You hit the orc priest.
The orc priest is heavily wounded.
The orc priest hits you with a war axe.
* * * LOW HITPOINT WARNING * * *
Okay, then.
You barely miss the orc priest.
The orc priest is heavily wounded.
The orc priest hits you with a war axe.
* * * LOW HITPOINT WARNING * * *
You hit the orc priest but do no damage.
The orc priest is heavily wounded.
You closely miss the orc priest.
The orc priest is heavily wounded.
The orc priest invokes the aid of Beogh against you.
Pain shoots through your body!
Ouch! That really hurt!
You die...

# .
##########.#..(.
??.....<@o(((.(.
#######.###..(..
#.# ... #.# (
#.# #+#


You could see an orc priest.

Vanquished Creatures
  An orc priest (D:3)
  An adder (D:2)
  A worm (D:2)
  3 dart slugs
  3 leopard geckos
  An orc (D:3)
  2 ball pythons
  4 bats
  A giant cockroach (D:1)
  9 goblins
  2 hobgoblins
  8 kobolds
  3 frilled lizards
  6 rats
45 creatures vanquished.

Notes
Turn   | Place    | Note
-------+----------+-------------------------------------------
     0 | D:1      | Lochraine the Kobold Arcane Marksman began the quest for the Orb.
     0 | D:1      | Reached XP level 1. HP: 12/12 MP: 2/2
   129 | D:1      | Reached XP level 2. HP: 9/16 MP: 3/3
   684 | D:1      | Reached XP level 3. HP: 20/20 MP: 4/4
  1547 | D:2      | Learned a level 2 spell: Slow
  1772 | D:2      | Reached XP level 4. HP: 26/26 MP: 6/6
  1776 | D:2      | Found a burning altar of Makhleb.
  2284 | D:3      | Reached skill level 1 in Short Blades
  2297 | D:3      | HP: 1/26 [orc priest/war axe (6)]
  2299 | D:3      | Killed from afar by an orc priest

Vault maps used:
D:1:      noname_arrival_rooms_in_the_neighbourhood
D:2:      bloody_makhleb, first_bread, grunt_decor_one_mirror,
          minmay_tetromino_t4
D:3:      dk_noncrumbling_3

Skill      XL: |  1  2  3  4 |
---------------+-------------+-----
Dodging        | 3 |  3.8
Crossbows      | 3 |  3.2
Fighting       | 2 |  2.0
Short Blades   | 1 |  1.1
Spellcasting   | |  1.4
Hexes          | |  3.5

Action                   |  1- 3 |  4- 6 || total
-------------------------+-------+-------++-------
Melee: Hand axe          |    55 |     4 ||    59
       Dagger            |       |    26 ||    26
 Fire: Hand crossbow     |    43 |    13 ||    56
  Use: Scroll            |     2 |       ||     2
       Potion            |     1 |       ||     1
 Stab: Sleeping          |     1 |       ||     1
  Eat: Chunk             |    11 |     2 ||    13
Armor: Robe              |    11 |     6 ||    17
Dodge: Dodged            |    63 |    15 ||    78
